 Dungeon Crawl Stone Soup version 0.30-a0-738-g116ff8c4af (webtiles) character file.

Game seed: 17623428554054991949

895 jasper the Insei (level 7, -2/51 HPs)
             Began as a Demonspawn Transmuter on Feb 3, 2023.
             Was a Follower of Okawaru.
             Slain by an ogre
             ... wielding a +0 giant spiked club
              (11 damage)
             ... on level 6 of the Dungeon.
             The game lasted 00:11:59 (5500 turns).

jasper the Insei (Demonspawn Transmuter)            Turns: 5500, Time: 00:11:59

Health: -2/51      AC:  2    Str: 11    XL:     7   Next: 78%
Magic:  0/10       EV: 20    Int: 16    God:    Okawaru [*.....]
Gold:   279        SH:  0    Dex: 18    Spells: 5/10 levels left

rFire   . . .      SeeInvis .      - Unarmed
rCold   . . .      Faith    .    (shield currently unavailable)
rNeg    . . .      Spirit   +    (body armour currently unavailable)
rPois   x          Reflect  .    (helmet currently unavailable)
rElec   .          Harm     .    (cloak currently unavailable)
rCorr   +          Rampage  .    (gloves currently unavailable)
Will    .....                    (boots currently unavailable)
Stlth   ++                       h - amulet of guardian spirit
HPRegen 0.28/turn                p - ring of resist corrosion
MPRegen 0.12/turn                (no ring)

@: spider-form, studying Air Magic
A: venomous fangs, tiny, (horns 2), powered by pain 1, (weakness stinger 1)
a: End Transformation, Renounce Religion, Heroism


You were on level 6 of the Dungeon.
You worshipped Okawaru.
Okawaru was aware of your devotion.
You were a venomous arachnid creature.
You visited 2 branches of the dungeon, and saw 7 of its levels.

You collected 279 gold pieces.

Inventory:

Missiles
 j - 83 stones
 n - 14 poisoned darts
Armour
 a - a +0 robe
 e - a +0 scale mail of cold resistance
 g - a +0 leather armour
 k - a +2 robe of willpower (melded)
 m - a +0 cloak
 t - a +0 pair of gloves (melded)
 v - a +0 buckler
 B - a +2 cloak of poison resistance (melded)
Jewellery
 h - an amulet of guardian spirit (around neck)
 p - a ring of resist corrosion (left front pincers)
 y - a ring of ice
Wands
 l - a wand of flame (19)
 A - a wand of roots (2)
Scrolls
 c - 2 scrolls of identify
 f - 2 scrolls of teleportation
 i - 2 scrolls of silence
 o - a scroll of vulnerability {unknown}
 q - a scroll of magic mapping
 w - a scroll of fog
 x - a scroll of enchant weapon {unknown}
Potions
 b - 2 potions of lignification
 d - 4 potions of curing
 r - a potion of attraction {unknown}
 s - 2 potions of mutation {unknown}
 u - 3 potions of heal wounds {unknown}
 z - a potion of flight {unknown}


   Skills:
 + Level 2.9 Fighting
 + Level 2.6 Dodging
 * Level 5.2 Unarmed Combat
 - Level 2.0 Spellcasting
 - Level 5.0 Transmutations
 - Level 3.1 Poison Magic
 - Level 1.0 Invocations


You had 5 spell levels left.
You knew the following spells:

 Your Spells              Type           Power      Damage    Failure   Level
b - Wereblood             Tmut           17%        N/A       12%         2
c - Spider Form           Tmut/Pois      14%        N/A       28%         3

Your spell library contained the following spells:

 Spells                   Type           Power      Damage    Failure   Level
 Beastly Appendage        Tmut           34%        N/A       10%         1
 Ignite Poison            Fire/Tmut/Pois 10%        N/A       41%         3
 Scorch                   Fire           2%         2d5       52%         2
 Kindle Blastsparks       Fire/Tloc/Air  2%         2d10      73%         3
 Ice Form                 Ice/Tmut       9%         N/A       78%         4
 Flame Wave               Conj/Fire      1%         2d4       97%         4
 Freezing Cloud           Conj/Ice/Air   0%         6-21      100%        5
 Summon Cactus Giant      Summ           Unusable   N/A       N/A         6

Dungeon Overview and Level Annotations

Branches:
Dungeon (6/15)             Temple (1/1) D:4

Altars:
Ashenzari
Cheibriados
Dithmenos
Fedhas
Gozag
Hepliaklqana
Kikubaaqudgha
Nemelex Xobeh
Okawaru
Qazlal
Ru
Trog
Uskayaw
Vehumet
Wu Jian
Yredelemnul


Innate Abilities, Weirdness & Mutations

You are a venomous arachnid creature.
You have venomous fangs.
You are tiny and dextrous.
Your spellcasting is less reliable in this form.
Your armour is entirely melded.
You are incapable of wielding weapons or throwing items.
((You have a pair of horns on your head.))
You sometimes gain a little power by taking damage.
((You have a small tail.))


Message History

An ogre is nearby!
j - 83 stones (gained 7)
A sky beast comes into view.
Casting: Spider Form (dangerous; 12% risk of failure)
Confirm with . or Enter, or press ? or * to list all spells.
You turn into a venomous arachnid creature.
Your +2 cloak of poison resistance melds into your body.
Your +0 pair of gloves melds into your body.
Your +2 robe of willpower melds into your body.
You no longer feel resistant to poison.
You feel less strong-willed.
You now have 7/10 mp.
You hit the ogre.
The ogre is poisoned.
The ogre is lightly wounded.
The sky beast flickers out of sight!
Deactivating autopickup; reactivate with Ctrl-A.
The ogre misses you.
You bite the ogre!
The ogre is heavily wounded.
A sky beast appears from thin air!
Reactivating autopickup.
The sky beast hits you. The sky beast shocks you.
The ogre completely misses you.
You take 6 damage, and have 45/51 hp.
You now have 6/10 mp.
You barely miss the sky beast. The sky beast closely misses you.
You hit the sky beast but do no damage.
The ogre hits you with a +0 giant spiked club!!
The sky beast hits you. The sky beast shocks you.
You take 26 damage, and have 19/51 hp.
MASSIVE DAMAGE!!
You now have 2/10 mp.
You bite the sky beast!
The sky beast is poisoned.
The sky beast is moderately wounded.
The sky beast flickers out of sight!
Deactivating autopickup; reactivate with Ctrl-A.
Something hits you.
* * * LOW HITPOINT WARNING * * *
Something shocks you.
* * * LOW HITPOINT WARNING * * *
You take 10 damage, and have 9/51 hp.
You now have 1/10 mp.
The ogre attacks as you move away!
The ogre hits you with a +0 giant spiked club!
You die...

.... .# #...
.## #.#..
#..### ....#.
...... .#.#..#
#......
.......#......#
#..O{......#
#s.....$#
##...#...#
#........#
##.†.#.##.#
#<..###..
#....### #...
#.$#.# #..
###### ##


You could see an ogre (very poisoned).

Vanquished Creatures
  2 necrophages (D:5)
  A bullfrog (D:4)
  2 scorpions (D:4)
  2 hounds (D:4)
  Crazy Yiuf (D:5)
  A gnoll bouda (D:5)
  A jelly (D:5)
  Jessica (D:2)
  5 iguanas
  An orc wizard (D:5)
  A hound zombie (D:3)
  7 gnolls
  7 adders
  An ufetubus (D:5)
  4 worms
  2 dart slugs
  11 orcs
  14 ball pythons
  10 bats
  9 endoplasms
  4 giant cockroaches
  A hobgoblin (D:1)
  2 jackals (D:1)
  10 kobolds
  2 quokkas (D:4)
  4 frilled lizards
  A giant cockroach zombie (D:3)
  5 goblins
  7 rats
119 creatures vanquished.

Notes
Turn   | Place    | Note
-------+----------+-------------------------------------------
     0 | D:1      | jasper the Demonspawn Transmuter began the quest for the
                  | Orb.
     0 | D:1      | Reached XP level 1. HP: 15/15 MP: 3/3
   135 | D:1      | Discovered your monstrous ancestry.
   135 | D:1      | Mutation became permanent: You have a pair of small horns
                  | on your head. [demonic ancestry]
   135 | D:1      | Gained mutation: You have a pair of horns on your head.
                  | [demonic ancestry]
   135 | D:1      | Reached XP level 2. HP: 21/21 MP: 3/5
   207 | D:1      | Found a faded altar of an unknown god.
   348 | D:1      | Learned a level 2 spell: Wereblood
   697 | D:1      | Gained mutation: You have a pair of horns on your head.
                  | [demonic ancestry]
   697 | D:1      | Reached XP level 3. HP: 24/27 MP: 6/6
  1172 | D:2      | Learned a level 3 spell: Spider Form
  1181 | D:2      | You fall into a shaft and drop 2 floors!
  1390 | D:2      | Noticed Jessica
  1404 | D:2      | Killed Jessica
  1405 | D:2      | Reached XP level 4. HP: 32/33 MP: 7/7
  1655 | D:3      | Found a snail-covered altar of Cheibriados.
  1661 | D:3      | Found a sacrificial altar of Ru.
  1661 | D:3      | Found a hazy altar of Hepliaklqana.
  1879 | D:3      | Reached skill level 1 in Poison Magic
  1972 | D:3      | Reached XP level 5. HP: 35/38 MP: 8/8
  1989 | D:3      | Found a basalt altar of Yredelemnul.
  2693 | D:4      | Found a staircase to the Ecumenical Temple.
  2765 | Temple   | Entered the Ecumenical Temple
  2995 | Temple   | Became a worshipper of Warmaster Okawaru
  3033 | D:4      | Found a radiant altar of Vehumet.
  3106 | D:4      | Gained mutation: You have a small tail. [demonic ancestry]
  3106 | D:4      | Reached XP level 6. HP: 31/44 MP: 5/9
  3519 | D:4      | Identified the +7 great mace "Tormentor" {freeze, rPois
                  | Will+}
  3902 | D:5      | Entered Level 5 of the Dungeon
  3914 | D:5      | Gained mutation: You sometimes gain a little power by
                  | taking damage. [demonic ancestry]
  3914 | D:5      | Reached XP level 7. HP: 50/50 MP: 4/10
  4039 | D:5      | Reached skill level 5 in Transmutations
  4155 | D:5      | Reached * piety under Okawaru
  4353 | D:5      | Found a runed translucent door.
  4354 | D:5      | Noticed Crazy Yiuf
  4355 | D:5      | Identified the +4 hammer of Irchuy {flame, rF+}
  4653 | D:5      | Reached skill level 5 in Unarmed Combat
  4856 | D:5      | Reached skill level 1 in Invocations
  4905 | D:5      | Found an opulent altar of Gozag.
  5405 | D:5      | Killed Crazy Yiuf
  5444 | D:5      | Identified the +7 hammer of Domination {heavy, rPois Dex+3}
  5500 | D:6      | Slain by an ogre

Illustrated notes

Levels and vault maps discovered:
D:1:      dpeg_arrival_concentric_ovals, layout_loops_ring,
          ebering_ecumenical_altar_rust
D:2:      layout_loops_ring, uniq_jessica
D:3:      layout_basic, chequers_temple_overflow_statue_of_worship,
          lemuel_zombie_altar_yredelemnul
D:4:      layout_cave_pools, vehumet_altar_wand_db,
          minmay_temple_entry_water_ring, nzn_random_ring
D:5:      layout_basic, nicolae_gozag_cash_rules_everything_around_me,
          lightli_ossuary_entry_decrepit_ruins, uniq_crazy_yiuf_cottage
D:6:      layout_cave_pools, st_stairs_8, dilly_guarded_unrand_morg
Temple:   nicolae_temple_bog_church

Skill      XL: |  1  2  3  4  5  6  7 |
---------------+----------------------+-----
Unarmed Combat | 3 4 5 |  5.2
Fighting       | 2 |  2.9
Transmutations | 2 3 4 5 |  5.0
Poison Magic   | 1 2 3 |  3.1
Dodging        | 2 |  2.6
Invocations    | 1 |  1.0
Spellcasting   | |  2.0

Action                     |  1- 3 |  4- 6 |  7- 9 || total
---------------------------+-------+-------+-------++-------
  Melee: Unarmed           |   116 |   195 |   109 ||   420
         Kick              |     7 |     7 |       ||    14
         Punch             |     1 |     3 |       ||     4
         Headbutt          |    18 |    35 |    15 ||    68
         Tailslap          |       |    13 |    11 ||    24
  Throw: Dart              |       |     1 |       ||     1
         Stone             |       |     1 |       ||     1
   Cast: Beastly Appendage |     8 |     7 |       ||    15
         Spider Form       |       |     2 |     5 ||     7
         Wereblood         |       |     2 |     1 ||     3
    Use: Scroll            |       |     8 |       ||     8
         Potion            |       |       |     1 ||     1
   Stab: Sleeping          |     1 |     1 |       ||     2
         Distracted        |     1 |       |       ||     1
 Armour: Robe              |    25 |    49 |    15 ||    89
         Leather armour    |    10 |       |       ||    10
  Dodge: Dodged            |    81 |   127 |    48 ||   256

Table legend: (Time is in decaauts)
 A = Elapsed time spent in this place.
 B = Non-inter-level travel time spent in this place.
 C = Inter-level travel time spent in this place.
 D = Time resting spent in this place.
 E = Time spent auto-exploring this place.
 F = Levels seen in this place.
 G = Mean time per level.
                   A        B        C        D        E       F      G
               +--------+--------+--------+--------+--------+-----+--------+
         Total |   5479 |   5316 |    163 |    215 |   3863 |   7 |  782.7 |
       Dungeon |   5232 |   5092 |    140 |    215 |   3656 |   6 |  872.0 |
        Temple |    247 |    224 |     23 |      0 |    207 |   1 |  247.0 |
               +--------+--------+--------+--------+--------+-----+--------+

Top non-repeatable levels by time:
     D:5: 1569 daAuts
     D:3: 1115 daAuts
     D:4: 981 daAuts
     D:1: 894 daAuts
     D:2: 654 daAuts
  Temple: 247 daAuts
     D:6: 18 daAuts
